 Dungeon Crawl Stone Soup version 0.31.0-11-ge490571c62 (webtiles) character file.

Game seed: 3700609676756635425

137 javelincjr the Trooper (level 5, -8/42 HPs)
             Began as a Demonspawn Berserker on Feb 5, 2024.
             Was a Believer of Trog.
             Killed by divine providence
             ... invoked by an orc priest
              (13 damage)
             ... on level 3 of the Dungeon.
             The game lasted 00:05:57 (1904 turns).

javelincjr the Trooper (Demonspawn Berserker)       Turns: 1904, Time: 00:05:58

Health: -8/42      AC:  7    Str: 20    XL:     5   Next: 0%
Magic:  5/5        EV: 11    Int:  7    God:    Trog [**....]
Gold:   143        SH:  0    Dex: 12    Spells: 4/4 levels left

rFire   + . .        a - +0 spear
rCold   . . .        (no shield)
rNeg    . . .        e - +0 ring mail
rPois   .            (helmet restricted)
rElec   .            (no cloak)
rCorr   +            (no gloves)
SInv    .            (no boots)
Will    .....        (no amulet)
Stlth   +            b - ring of protection from fire
HPRegen 0.27/turn    n - ring of resist corrosion
MPRegen 0.09/turn

%: no passive effects
@: no status effects
A: antennae 1, thin metallic scales 1, foul stench 1
a: Renounce Religion, Berserk, Trog's Hand


You were on level 3 of the Dungeon.
You worshipped Trog.
Trog was pleased with you.
You visited 1 branch of the dungeon, and saw 3 of its levels.

You collected 143 gold pieces.

Inventory:

Hand Weapons
 a - a +0 spear (weapon)
Missiles
 g - 6 poisoned darts (quivered)
 i - 6 boomerangs
Armour
 e - a +0 ring mail (worn)
 f - a +0 helmet
 k - a +0 scale mail
Jewellery
 b - a ring of protection from fire (left hand)
 n - a ring of resist corrosion (right hand)
Talismans
 c - a flux talisman
Scrolls
 h - a scroll of poison {unknown}
 j - 2 scrolls of teleportation {unknown}
 l - 4 scrolls of identify {unknown}
 o - a scroll of fog {unknown}
Potions
 d - a potion of brilliance {unknown}
 m - a potion of ambrosia {unknown}


   Skills:
 * Level 3.9 Fighting
 - Level 3.2 Polearms
 + Level 2.4 Armour
 + Level 2.3 Dodging
 + Level 1.3 Stealth
 + Level 0.0 Unarmed Combat
 * Level 1.1 Shapeshifting


You had 4 spell levels left.
You didn't know any spells.
Your spell library was empty.

Dungeon Overview and Level Annotations

Branches:
Dungeon (3/15)

Altars:


Innate Abilities, Weirdness & Mutations

You have a pair of small antennae on your head.
You are partially covered in thin metallic scales. (AC +2)
You may rarely emit foul miasma when damaged in melee.


Message History

The goblin is severely wounded.
The orc shouts!
The goblin hits you but does no damage.
The orc priest begins to cast a cantrip, but forgets the words!
You hit the goblin.
You kill the goblin!
Trog accepts your kill.
A giant cockroach comes into view.
You have reached level 5!
Your demonic ancestry asserts itself...
Thin metallic scales grow over part of your body.
You reach to attack!
You barely miss the orc. You barely miss the orc.
The orc priest looks satisfied for a moment.
The orc misses you.
You hit the orc.
The orc is lightly wounded.
The orc hits you with a +0 mace.
You closely miss the orc.
The orc is lightly wounded.
The orc hits you with a +0 mace.
You barely miss the orc.
The orc is lightly wounded.
The orc priest invokes the aid of Beogh against you.
Beogh smites you! The orc closely misses you.
The orc priest invokes the aid of Beogh against you.
Beogh smites you!
You are too injured to fight recklessly!
You are too injured to fight recklessly!
You barely miss the orc.
The orc is lightly wounded.
You puncture the orc!
You kill the orc!
Trog accepts your kill.
The orc priest calls down the wrath of Beogh upon you.
Beogh smites you!
* * * LOW HITPOINT WARNING * * *
The orc priest calls down the wrath of Beogh upon you.
Beogh smites you!
You die...

..#.........###
#.#########.# ..# #.#
..# ##+## ..# ##...##
..# ##.....## ..##
##.......## .
...####.........####o..#
......'.........@)ooB...
...####.........####o..#
..## ##.......## # #.#
##.....## ..# ##...##
### ##+## # # #


You could see 3 orc priests, an orc and a giant cockroach.

Vanquished Creatures
  4 adders (D:2)
  3 gnolls (D:2)
  3 dart slugs (D:1)
  4 ribbon worms (D:2)
  2 orcs (D:3)
  2 bats (D:1)
  8 endoplasms
  2 giant cockroaches (D:1)
  4 goblins
  5 hobgoblins
  2 jackals (D:1)
  6 quokkas
  3 ball pythons (D:2)
  4 frilled lizards
  A kobold (D:1)
  4 rats
57 creatures vanquished.

Notes
Turn   | Place    | Note
-------+----------+-------------------------------------------
     0 | D:1      | javelincjr the Demonspawn Berserker began the quest for the
                  | Orb.
     0 | D:1      | Reached XP level 1. HP: 18/18 MP: 1/1
    73 | D:1      | Gained mutation: You may rarely emit foul miasma when
                  | damaged in melee. [demonic ancestry]
    73 | D:1      | Reached XP level 2. HP: 14/24 MP: 2/2
   453 | D:1      | Found a faded altar of an unknown god.
   537 | D:1      | Reached ** piety under Trog
   538 | D:1      | Reached XP level 3. HP: 29/29 MP: 3/3
  1023 | D:2      | Reached skill level 1 in Stealth
  1023 | D:2      | Gained mutation: You have a pair of small antennae on your
                  | head. [demonic ancestry]
  1023 | D:2      | Reached XP level 4. HP: 36/36 MP: 4/4
  1502 | D:2      | Reached skill level 1 in Shapeshifting
  1898 | D:3      | Gained mutation: You are partially covered in thin metallic
                  | scales. (AC +2) [demonic ancestry]
  1898 | D:3      | Reached XP level 5. HP: 42/42 MP: 5/5
  1904 | D:3      | Killed from afar by an orc priest

Illustrated notes

Levels and vault maps discovered:
D:1:      tarquinn_simple_flora_water_e, layout_rooms,
          shapermc_ecumenical_altar_acropolis, minivault_19, serial_bayou_ford_a
D:2:      layout_basic
D:3:      layout_loops_corners, eino_tiny_chamber, minmay_puff

Skill      XL: |  1  2  3  4 |
---------------+-------------+-----
Armour         | 2 |  2.4
Dodging        | 2 |  2.3
Polearms       | 3 |  3.2
Stealth        | 1 |  1.3
Shapeshifting  | 1 |  1.1
Fighting       | |  3.9

Action                     |  1- 3 |  4- 6 || total
---------------------------+-------+-------++-------
  Melee: Spear             |   146 |    98 ||   244
         Punch             |     1 |       ||     1
 Armour: Animal skin       |    15 |       ||    15
         Ring mail         |    50 |    38 ||    88
  Dodge: Dodged            |    60 |    38 ||    98
